 Dungeon Crawl Stone Soup version 0.31-a0-1163-gcee99d1eea (webtiles) character file.

Game seed: 7866347462569404052

73 frotz the Conjurer (level 4, -1/30 HPs)
             Began as a Human Conjurer on Dec 9, 2023.
             Slain by a gnoll
             ... wielding a +0 flail
              (11 damage)
             ... on level 3 of the Dungeon.
             The game lasted 00:12:19 (1187 turns).

frotz the Conjurer (Human Conjurer)                 Turns: 1187, Time: 00:12:21

Health: -1/30      AC:  2    Str:  8 (9)  XL:     4   Next: 51%
Magic:  4/7        EV: 17    Int: 16 (18) God:
Gold:   106        SH:  0    Dex:  9 (12) Spells: 6/7 levels left

rFire   . . .        c - +1 short sword
rCold   . . .        (no shield)
rNeg    . . .        a - +0 robe
rPois   .            (no helmet)
rElec   .            (no cloak)
rCorr   .            (no gloves)
SInv    .            (no boots)
Will    .....        (no amulet)
Stlth   ++           f - +5 ring of evasion
HPRegen 0.25/turn    (no ring)
MPRegen 0.10/turn

%: no passive effects
@: no status effects
A: no striking features
a: no special abilities


You were on level 3 of the Dungeon.
You visited 1 branch of the dungeon, and saw 3 of its levels.

You collected 106 gold pieces.

Inventory:

Hand Weapons
 c - a +1 short sword (weapon)
 o - a +0 sling
Missiles
 e - 4 poisoned darts
Armour
 a - a +0 robe (worn)
 g - a +0 ring mail
 i - a +0 robe
 m - a +0 plate armour
Magical Staves
 p - a staff of cold
Jewellery
 f - a +5 ring of evasion (left hand)
 j - an amulet of the acrobat
Talismans
 l - a flux talisman
Potions
 b - a potion of magic
 d - 2 potions of brilliance
 h - a potion of enlightenment


   Skills:
 + Level 0.9 Short Blades
 + Level 2.3 Dodging
 + Level 2.3 Stealth
 + Level 2.2 Spellcasting
 + Level 5.0 Conjurations


You had 6 spell levels left.
You knew the following spells:

 Your Spells              Type           Power      Damage    Failure   Level
a - Magic Dart            Conj           72%        1d6       2%          1

Your spell library contained the following spells:

 Spells                   Type           Power      Damage    Failure   Level
 Searing Ray              Conj           36%        2d5       3%          2
 Dazzling Flash           Conj/Hex       18%        N/A       22%         3
 Fulminant Prism          Conj/Hex       4%         3d5       56%         4
 Iskenderun's Mystic Bla  Conj/Tloc      9%         2d4       56%         4


Dungeon Overview and Level Annotations

Branches:
Dungeon (3/15)

Altars:


Message History

The gnoll is almost dead.
The gnoll misses you.
Casting: Magic Dart (safe; 2% risk of failure)
Confirm with . or Enter, or press ? or * to list all spells.
Aiming: Magic Dart (safe; 2% risk of failure)
Press: ? - help, Shift-Dir - straight line, f/p - gnoll
Aim: a gnoll, wielding a +0 whip (almost dead, 100% to hit)
The magic dart hits the gnoll.
You kill the gnoll!
You feel your strength returning.
Things that are here:
a +0 whip; a gnoll corpse
k - a potion of heal wounds You feel much better.
There is a stone staircase leading up here.
You climb upwards.
There is a stone staircase leading down, spattered with blood here.
The gnoll hits you with a +0 halberd!
There is a stone staircase leading down, spattered with blood here.
The gnoll barely misses you. The gnoll hits you with a +0 flail!
* * * LOW HITPOINT WARNING * * *
You climb downwards.
There is a stone staircase leading up here.
Casting: Magic Dart (safe; 2% risk of failure)
Confirm with . or Enter, or press ? or * to list all spells.
Aiming: Magic Dart (safe; 2% risk of failure)
Press: ? - help, Shift-Dir - straight line, f - gnoll
Aim: a gnoll, wielding a +0 halberd (100% to hit)
The magic dart hits the gnoll.
The gnoll is moderately wounded.
The gnoll barely misses you. x2
Casting: Magic Dart (safe; 2% risk of failure)
Confirm with . or Enter, or press ? or * to list all spells.
Aiming: Magic Dart (safe; 2% risk of failure)
Press: ? - help, Shift-Dir - straight line, f/p - gnoll
Aim: a gnoll, wielding a +0 halberd (lightly wounded, 100% to hit)
The magic dart hits the gnoll.
The gnoll is moderately wounded.
The gnoll closely misses you. The gnoll hits you with a +0 flail!
You die...

### ..#
#.# #.#
#.# #.#
#.#
#.#######
#.....g@#
#######g#
#....#
#.##.# #
..# ###


You could see 2 gnolls.

Vanquished Creatures
  A gnoll (D:3)
  2 adders (D:2)
  A dart slug (D:2)
  3 bats
  5 endoplasms
  A giant cockroach (D:1)
  4 goblins
  4 hobgoblins
  5 kobolds
  5 quokkas
  3 ball pythons
  A frilled lizard (D:1)
  3 rats
38 creatures vanquished.

Notes
Turn   | Place    | Note
-------+----------+-------------------------------------------
     0 | D:1      | frotz the Human Conjurer began the quest for the Orb.
     0 | D:1      | Reached XP level 1. HP: 13/13 MP: 3/3
   103 | D:1      | Reached XP level 2. HP: 19/19 MP: 0/5
   368 | D:1      | Reached XP level 3. HP: 22/24 MP: 2/6
   976 | D:2      | Reached XP level 4. HP: 27/30 MP: 1/7
   992 | D:2      | Reached skill level 5 in Conjurations
  1158 | D:2      | HP: 1/30 [gnoll/+0 whip (6)]
  1187 | D:3      | Slain by a gnoll

Illustrated notes

Levels and vault maps discovered:
D:1:      heliophobic_arrival_enchanted_forest, layout_rooms, serial_park_tiny_1
D:2:      layout_rooms, uniq_sigmund
D:3:      layout_basic, grunt_temple_overflow_open,
          hangedman_decor_diamond_cutter

Skill      XL: |  1  2  3  4 |
---------------+-------------+-----
Conjurations   | 5 |  5.0
Short Blades   | |  0.9
Dodging        | |  2.3
Stealth        | |  2.3
Spellcasting   | |  2.2

Action                     |  1- 3 |  4- 6 || total
---------------------------+-------+-------++-------
  Melee: Short sword       |    41 |     3 ||    44
   Cast: Magic Dart        |    48 |    14 ||    62
    Use: Potion            |     4 |     3 ||     7
         Scroll            |     3 |       ||     3
 Armour: Robe              |    36 |    13 ||    49
  Dodge: Dodged            |    67 |    24 ||    91

Table legend: (Time is in decaauts)
 A = Elapsed time spent in this place.
 B = Non-inter-level travel time spent in this place.
 C = Inter-level travel time spent in this place.
 D = Time resting spent in this place.
 E = Time spent auto-exploring this place.
 F = Levels seen in this place.
 G = Mean time per level.
                   A        B        C        D        E       F      G
               +--------+--------+--------+--------+--------+-----+--------+
         Total |   1185 |   1185 |      0 |      0 |      0 |   3 |  395.0 |
       Dungeon |   1185 |   1185 |      0 |      0 |      0 |   3 |  395.0 |
               +--------+--------+--------+--------+--------+-----+--------+

Top non-repeatable levels by time:
     D:1: 649 daAuts
     D:2: 511 daAuts
     D:3: 24 daAuts
